Unix NetHack Version 5.0.0-0 post-release - last build May 23 2026 06:08:33 (1c0ff79ee797540d5714e4e18072db0edd9e58ae,branch:main).

Game began 2026-05-25 01:01:46, ended 2026-05-25 02:27:27.

Kwijibo4686, neutral female human Valkyrie

                                                                  ---------
                        --------------------------------          |.......|
                        |.............................)|       ###........|
                        |.------..-------------.@-----.|       # )|.......|
                        |.|....|..|...|....|..-.Y|.((|)|       # #|.......|
         ------         |.|...@|..|...|....|..|@%-.((|.-##########|....@.<|
         |.....#########|.-|----..|...||------|..|@.(|.|#        #---------
         |....|        #..........|...|.|..|%!|[-----|.|#        #
         |.(Y.|        #|.----....---|-.|..|%%|.|....|.|#        #
         |>...@#       #|.|..-....)..{..--||.@|.|..[.|.|#        #[
         ------n       #|.|..|............Y-|--.|.[Y@|.|#         #
               #       #|.|----|--.----|--.....[)....|.|#         ##
               #       #|.|..|...|.+..|..||------.---|.|#          ##
               ######  #|.|..|(@(|....|)@|....|{.|*..|.|#   --------#
                    #  #|.|..|(((|)-.-|%!|.@..|..|...-.|#   |......|#
                    ####..--|-----..{.------.-.|------..####-.......#
                       #|..............................|#   |......|
                       #--------------------------------    --------

Kwijibo4686 the Fighter     St:18/04 Dx:15 Co:14 In:8 Wi:7 Ch:8  Neutral
Dlvl:6  $:26 HP:0(64) Pw:19(19) AC:5  Xp:9 T:8180  Satiated Blind Deaf

Latest messages:
 A cave spider suddenly appears!
 You are hit.
 You kill the hobgoblin!
 You swap places with the peaceful watchman.
 You try to feel what is lying here on the floor.
 There is a hobgoblin corpse here; eat it? [ynq] (n) y
 This hobgoblin corpse tastes okay.
 An orc shaman suddenly appears close by!
 You stop eating the hobgoblin corpse.
 There is a partly eaten hobgoblin corpse here; eat it? [ynq] (n) y
 You consume the last bite of your meal.
 You finish eating the hobgoblin corpse.
 t - a fortune cookie.
 You hear a mumbled curse.
 You kill the orc shaman!
 $ - 26 gold pieces.
 You try to feel what is lying here on the floor.
 You feel here an orc shaman corpse.
 There is an orc shaman corpse here; eat it? [ynq] (n) y
 This orc shaman corpse tastes okay.
 You finish eating the orc shaman corpse.
 You swap places with the peaceful watchman.
 The hobbit hits!
 You kill the hobbit!
 You swap places with the peaceful watchman.
 You try to feel what is lying here on the floor.
 There are several objects here.
 There is a hobbit corpse here; eat it? [ynq] (n) y
 Blecch!  Rotten food!
 The world spins and you slap against the floor.
 A yeti suddenly appears close by!
 The yeti hits!
 The yeti hits again!
 The yeti bites!
 The yeti hits!
 The yeti hits again!
 The yeti bites!
 The yeti hits!
 The yeti hits again!
 The yeti bites!
 The yeti hits!
 The yeti hits again!
 The yeti bites!
 The yeti hits!
 The yeti hits again!
 The yeti bites!
 The yeti hits!
 The yeti hits again!
 You die...
 Do you want your possessions identified? [ynq] (y) q

Inventory:
 Coins    ('$')
  $ - 26 gold pieces
 Weapons  (')')
  r - 138 +0 darts (at the ready)
  Y - the blessed rustproof +1 Mjollnir (weapon in right hand)
 Armor    ('[')
  A - an uncursed +0 pair of iron shoes
  c - an uncursed burnt +3 small shield
  Q - a blessed +0 mummy wrapping (being worn)
  I - an uncursed +0 elven mithril-coat (being worn)
 Comestibles  ('%')
  J - an uncursed cream pie
  t - an uncursed fortune cookie
  k - an uncursed lizard corpse
  H - an uncursed lizard corpse
 Spellbooks  ('+')
  s - an uncursed spellbook of cure sickness
 Tools    ('(')
  a - an uncursed sack containing 18 items
  z - a cursed can of grease (0:22)
  g - an uncursed magic lamp (lit)
  G - an uncursed magic whistle
  h - a cursed skeleton key
  C - an uncursed towel (being worn)
 Gems/Stones  ('*')
  V - 2 uncursed flint stones
  P - an uncursed touchstone

Contents of the sack:
  822 gold pieces
  an uncursed slime mold
  3 uncursed food rations
  an uncursed tripe ration
  a cursed scroll of identify
  a blessed scroll of identify
  an uncursed scroll of fire
  an uncursed scroll of light
  an uncursed scroll of teleportation
  an uncursed scroll of enchant weapon
  a blessed scroll of gold detection
  an uncursed scroll of enchant armor
  a cursed scroll of confuse monster
  3 uncursed scrolls of blank paper
  an uncursed scroll of create monster
  a blessed potion of healing
  an uncursed potion of healing
  a cursed wax candle

Kwijibo4686 the Valkyrie's attributes:

Background:
 You were a Fighter, a level 9 human Valkyrie.
 You were neutral, on a mission for Odin
 who was opposed by Tyr (lawful) and Loki (chaotic).
 You were right-handed.
 You were in the Gnomish Mines, on level 6.
 You entered the dungeon 8180 turns ago.
 It was nighttime.
 You had 5025 experience points, 95 more were needed to attain level 10.

Basics:
 You had 0 out of 64 hit points.
 You had all 19 energy points (spell power).
 Your armor class was 5.
 Your wallet contained 26 zorkmids, and
 you had 822 more stashed away in your pack.
 Autopickup was on for '$?!/="' plus thrown.

Final Characteristics:
 Your strength was 18/04 (limit:18/100).
 Your dexterity was 15 (peak:18, limit:18).
 Your constitution was 14 (peak:15, limit:18).
 Your intelligence was 8 (limit:18).
 Your wisdom was 7 (peak:8, limit:18).
 Your charisma was 8 (limit:18).

Final Status:
 You were deliberately blind.
 You were deaf.
 You were satiated.
 You were unencumbered.
 You were wielding a hammer.
 You were skilled in hammer.

Final Attributes:
 You were piously aligned.
 You were cold resistant.
 You were telepathic.
 You were visible.
 You were stealthy.
 You were guarded.
 You were fast.
 You are dead.

Miscellaneous:
 You didn't encounter any bones levels.
 Total elapsed playing time was 1 hour, 25 minutes and 41 seconds.

Major events:
 Turn
    1: Kwijibo4686 the neutral human Valkyrie entered the dungeon
  516: attained the rank of Skirmisher (level 3)
 1861: attained the rank of Fighter (level 6)
 1927: entered the Gnomish Mines
 2322: reached Mine Town
 3649: was bestowed with Mjollnir by Odin
 8180: killed by a yeti, while unconscious from rotten food

You didn't know any spells.

Skills:
 Fighting Skills
   bare handed combat [Unskilled]
   two weapon combat  [Unskilled]
   riding             [Unskilled]
 Weapon Skills
   dagger             [Basic]
   axe                [Unskilled]
   pick-axe           [Unskilled]
   short sword        [Unskilled]
   broadsword         [Unskilled]
   long sword         [Unskilled]
   two-handed sword   [Unskilled]
   saber              [Unskilled]
   hammer             [Skilled]
   quarterstaff       [Unskilled]
   polearms           [Unskilled]
   spear              [Skilled]
   trident            [Unskilled]
   lance              [Unskilled]
   sling              [Unskilled]
 Spellcasting Skills
   attack spells      [Unskilled]
   escape spells      [Unskilled]

Voluntary challenges:
 Character rerolling was not enabled.
 You never genocided any monsters.
 You never polymorphed an object.
 You never changed form.
 You used no wishes.
Achievements:
 You entered a shop.
 You attained the rank of Skirmisher.
 You attained the rank of Fighter.
 You entered the Gnomish Mines.
 You entered Minetown.
 You entered a temple.

 The Dungeons of Doom: levels 1 to 4
    Level 1:
       A fountain, a sink.
    Level 2:
       A food shop.
    Level 3:
       A sink.
       Stairs down to The Gnomish Mines.
    Level 4:
 The Gnomish Mines: levels 4 to 12
    Level 4:
    Level 5:
    Level 6: <- You were here.
       Many shops, a temple and an altar to Odin, some fountains, a sink.
       Final resting place for
          you, killed by a yeti, while unconscious from rotten food.
    Level 7:
    Level 8:
    Level 9:
    Level 10:
    Level 11:
    Level 12:
       Some fountains.


Vanquished creatures:
  2 vampires
  a black naga
  a winter wolf
  2 small mimics
  a glass piercer
 an ettin mummy
  2 freezing spheres
  2 flaming spheres
  a shocking sphere
  a gargoyle
 an ochre jelly
 an elf mummy
  2 red nagas
  a wraith
  a carnivorous ape
  a chameleon
  a giant beetle
  a quivering blob
  a cockatrice
  4 wolves
  a winter wolf cub
  2 giant spiders
  a vampire bat
  a gnome ruler
  a dwarf mummy
  2 brown puddings
 an owlbear
  3 lizards
  a dingo
  a dog
  2 dwarf leaders
  a blue jelly
  a dust vortex
  a raven
  a gnome mummy
  3 Woodland-elves
  2 imps
  a quasit
  a wood nymph
  3 Mordor orcs
 an orc shaman
  2 rock piercers
  2 rock moles
  9 fog clouds
  a yellow light
  a shrieker
 10 gnome leaders
  5 gnomish wizards
  2 kobold mummies
  3 ghouls
  a straw golem
  2 paper golems
  3 giant ants
  a little dog
  5 floating eyes
 18 dwarves
  a homunculus
  a kobold leader
  a kobold shaman
  4 hill orcs
  6 rothes
  2 centipedes
  2 giant bats
  3 monkeys
  a dwarf zombie
  a werejackal
  3 iguanas
  5 killer bees
  a gas spore
  4 hobbits
  3 hobgoblins
  3 giant rats
  a cave spider
  2 yellow molds
  a red mold
 68 gnomes
  a gnome zombie
  2 geckos
  7 jackals
  a kobold
  2 sewer rats
  5 grid bugs
  4 lichens
  2 kobold zombies
  6 newts
267 creatures vanquished.

No species were genocided or became extinct.

Game over:
                       ----------
                      /          \
                     /    REST    \
                    /      IN      \
                   /     PEACE      \
                  /                  \
                  |   Kwijibo4686    |
                  |      848 Au      |
                  | killed by a yeti |
                  |                  |
                  |                  |
                  |                  |
                  |       2026       |
                 *|     *  *  *      | *
        _________)/\\_//(\/(/\)/\//\/|_)_______

Farvel Kwijibo4686 the Valkyrie...

You died in The Gnomish Mines on dungeon level 6 with 21414 points,
and 848 pieces of gold, after 8180 moves.
You were level 9 with a maximum of 64 hit points when you died.

